 Dungeon Crawl Stone Soup version 0.20.0-8-g6b59dc7 (webtiles) character file.

484 Dominolapin the Cudgeler (level 7, 0/55 HPs)
             Began as a Vine Stalker Warper on June 2, 2017.
             Was an Initiate of Gozag.
             Succumbed to a scorpion's poison
             ... on level 5 of the Dungeon.
             The game lasted 00:09:08 (3067 turns).

Dominolapin the Cudgeler (Vine Stalker Warper)      Turns: 3067, Time: 00:09:09

Health: 0/55       AC: 23    Str: 14    XL:     7   Next: 12%
Magic:  8/11       EV:  2    Int: 14    God:    Gozag
Gold:   175        SH: 10    Dex: 14    Spells: 8/10 levels left

rFire    . . .     SeeInvis .   a - +0 mace
rCold    . . .     Gourm    .   i - +3 shield {reflect}
rNeg     + + +     Faith    .   (armour currently unavailable)
rPois    +         Spirit   +   (helmet currently unavailable)
rElec    .         Reflect  +   (cloak currently unavailable)
rCorr    .         Harm     .   (gloves currently unavailable)
MR       .....     NoTele   +   (boots currently unavailable)
Stlth    +++.......             (no amulet)
Regen    0.6/turn               Q - ring of stealth
MPRegen  0.2/turn               q - ring of stealth

@: lethally poisoned (0 -> -3), tree-form, gold aura
A: regeneration 1, magic shield, no potion heal 3, rot immunity
a: Potion Petition, Call Merchant, Bribe Branch, Renounce Religion


You were on level 5 of the Dungeon.
You worshipped Gozag.
Gozag was aware of your devotion.
You were not hungry.
You were a tree.
You visited 2 branches of the dungeon, and saw 6 of its levels.

You collected 412 gold pieces.
You spent 162 gold pieces at shops.
You paid 75 gold pieces to Gozag.


Innate Abilities, Weirdness & Mutations

((You have extremely sharp teeth.))
Your natural rate of healing is unusually fast.
When hurt, damage is shared between your health and your magic reserves.
((Your bite disrupts and absorbs the magic of your enemies.))
Potions cannot restore your health.
You are immune to rotting.


   Skills:
 + Level 4.2 Fighting
 + Level 4.2 Maces & Flails
 - Level 0.8 Throwing
 - Level 2.5 Armour
 - Level 2.0 Dodging
 + Level 1.3 Shields
 - Level 2.1 Spellcasting
 - Level 3.0 Translocations


You had 8 spell levels left.
You knew the following spells:

 Your Spells              Type           Power        Failure   Level  Hunger
a - Blink                 Tloc           N/A          52%         2    ###....

Inventory:

Hand Weapons
 a - a +0 mace (weapon)
Armour
 h - a +0 scale mail (melded)
 i - a +3 shield of reflection (worn)
 j - a +2 cloak (melded)
 n - a +2 pair of boots (melded)
Jewellery
 q - a ring of stealth (right branch)
 Q - a ring of stealth (left branch)
Scrolls
 d - a scroll of blinking
 g - 4 scrolls of identify {@r1}
 m - 3 scrolls of immolation {unknown}
 o - a scroll of amnesia
Potions
 e - a potion of might
 p - a potion of haste {@q3}
Books
 c - a book of Spatial Translocations

   Spells                             Type                      Level
   a - Blink                          Translocation                2
   b - Shroud of Golubria             Charms/Translocation         2
   c - Lesser Beckoning               Translocation                3
   d - Gell's Gravitas                Translocation                3
   e - Teleport Other                 Translocation                3
   f - Passage of Golubria            Translocation                4
 l - a book of Misfortune

   Spells                             Type                      Level
   a - Confusing Touch                Hexes                        1
   b - Confuse                        Hexes                        3
   c - Gell's Gravitas                Translocation                3
   d - Petrify                        Transmutation/Earth          4
   e - Metabolic Englaciation         Hexes/Ice                    5
   f - Yara's Violent Unravelling     Hexes/Transmutation          5
Comestibles
 f - 4 bread rations {@e1}
 k - a meat ration {@e1}

Dungeon Overview and Level Annotations

Branches:
Dungeon (5/15)             Temple (1/1) D:4

Altars:
Ashenzari
Cheibriados
Gozag
Qazlal
Trog
Uskayaw
The Shining One

Shops:
D:4 [

Annotations:
D:5 Prince Ribbit

.# .#######
.......# .#####(#
.# #.# .# #.#######
## #....>..#
#######.###########
#....♣$.....#
###########.#


There were no monsters in sight!


Message History

Your roots penetrate the ground.
* * * LOW HITPOINT WARNING * * *
You feel sick. You block the scorpion's attack.
You closely miss the scorpion.
The scorpion is almost dead.
* * * LOW HITPOINT WARNING * * *
You feel very sick. You block the scorpion's attack.
Unknown command.
You hit the scorpion.
You kill the scorpion!
* * * LOW HITPOINT WARNING * * *
You feel sick.
* * * LOW HITPOINT WARNING * * *
You feel sick.
* * * LOW HITPOINT WARNING * * *
You feel sick.
* * * LOW HITPOINT WARNING * * *
You feel sick.
* * * LOW HITPOINT WARNING * * *
You feel sick.
* * * LOW HITPOINT WARNING * * *
You feel sick.
* * * LOW HITPOINT WARNING * * *
You feel sick.
* * * LOW HITPOINT WARNING * * *
You feel sick.
Okay, then.
You die...
Your body crumbles into a pile of gold.

Skill      XL: |  1  2  3  4  5  6 |
---------------+-------------------+-----
Fighting       | 2 3 4 |  4.2
Maces & Flails | 2 3 4 |  4.2
Dodging        | 2 |  2.0
Armour         | 1 2 |  2.5
Shields        | 1 |  1.3
Throwing       | |  0.8
Spellcasting   | |  2.1
Translocations | |  3.0

Action                   |  1- 3 |  4- 6 |  7- 9 || total
-------------------------+-------+-------+-------++-------
Melee: Mace              |    78 |   149 |    15 ||   242
       Bite              |    23 |    39 |     5 ||    67
Throw: Tomahawk          |     5 |       |       ||     5
  Use: Potion            |     1 |     2 |     1 ||     4
       Scroll            |       |    12 |       ||    12
  Eat: Chunk             |     1 |     4 |       ||     5
       Royal jelly       |       |     1 |       ||     1
Armor: Leather armour    |    26 |       |       ||    26
       Skin              |     2 |       |       ||     2
       Scale mail        |       |    82 |     3 ||    85
Dodge: Dodged            |    44 |    95 |     3 ||   142
Block: Shield            |       |    31 |     6 ||    37

Vault maps used:
D:1:      nagdon_arrival_zigzag_paths
D:2:      uniq_crazy_yiuf_cottage, uniq_natasha
D:3:      first_bread
D:4:      temple_green, serial_shops, shop
D:5:      yredelemnul_forgotten_temple_becter, uniq_pikel, uniq_edmund,
          uniq_prince_ribbit1
Temple:   eino_temple_scatter_basement

Notes
Turn   | Place    | Note
-------+----------+-------------------------------------------
     0 | D:1      | Dominolapin the Vine Stalker Warper began the quest for the Orb.
     0 | D:1      | Reached XP level 1. HP: 11/11 MP: 4/4
   117 | D:1      | Reached skill level 2 in Fighting
   117 | D:1      | Reached skill level 2 in Maces & Flails
   170 | D:1      | Reached XP level 2. HP: 15/15 MP: 6/6
   621 | D:1      | Reached XP level 3. HP: 13/19 MP: 3/7
   764 | D:2      | Learned a level 2 spell: Blink
  1096 | D:2      | Noticed Natasha
  1109 | D:2      | Killed Natasha
  1109 | D:2      | Reached skill level 3 in Fighting
  1109 | D:2      | Gained mutation: Your natural rate of healing is unusually fast. [Vine Stalker growth]
  1109 | D:2      | Reached XP level 4. HP: 4/24 MP: 1/8
  1315 | D:2      | Noticed Natasha
  1335 | D:2      | Killed Natasha
  1335 | D:2      | Reached skill level 3 in Maces & Flails
  1335 | D:2      | Reached skill level 2 in Dodging
  1592 | D:2      | Reached skill level 1 in Armour
  1650 | D:2      | Found a runed door.
  1654 | D:2      | Noticed Crazy Yiuf
  1663 | D:2      | Killed Crazy Yiuf
  1663 | D:2      | Reached XP level 5. HP: 19/28 MP: 9/9
  2267 | D:4      | Found a staircase to the Ecumenical Temple.
  2278 | Temple   | Entered the Ecumenical Temple
  2298 | Temple   | Became a worshipper of Gozag Ym Sagoz the Greedy
  2371 | D:4      | Noticed an ogre
  2415 | D:4      | Killed an ogre
  2415 | D:4      | Reached skill level 2 in Armour
  2415 | D:4      | Reached XP level 6. HP: 33/33 MP: 8/10
  2500 | D:4      | Found Uzusim's Armour Shop.
  2513 | D:4      | Bought a +1 shield of reflection for 162 gold pieces
  2891 | D:5      | Entered Level 5 of the Dungeon
  2959 | D:5      | Reached skill level 4 in Fighting
  2959 | D:5      | Reached skill level 4 in Maces & Flails
  2959 | D:5      | Reached skill level 1 in Shields
  2959 | D:5      | Reached XP level 7. HP: 26/37 MP: 11/11
  3004 | D:5      | Noticed Prince Ribbit
  3061 | D:5      | HP: 5/55 [poisoned by a scorpion]
  3065 | D:5      | HP: 1/55 [poisoned by a scorpion]
  3067 | D:5      | Succumbed to a scorpion's poison

Vanquished Creatures
  2 ogres
  A scorpion (D:5)
  A bullfrog skeleton (D:4)
  Crazy Yiuf (D:2)
  Natasha (twice) (D:2)
  2 worker ants (D:4)
  3 adders
  2 oozes (D:1)
  3 worms
  2 dart slugs (D:1)
  A leopard gecko (D:5)
  4 orcs (D:4)
  3 ball pythons
  5 bats
  2 giant cockroaches
  4 hobgoblins
  8 jackals
  A quokka (D:2)
  3 frilled lizards
  5 goblins
  4 kobolds
  4 rats
63 creatures vanquished.
